[Event "Ding Liren vs Grischuk Match"]
[Site "Wenzhou"]
[Date "2016.07.22"]
[Round "4"]
[White "Alexander, Grischuk"]
[Black "Ding, Liren"]
[Result "1/2-1/2"]
[ECO "B11"]
[WhiteElo "2747"]
[BlackElo "2783"]
[Annotator "ChessBase"]
[PlyCount "62"]
[EventDate "2016.??.??"]
[EventCountry "CHN"]
[SourceTitle "playchess.com"]
[Source "ChessBase"]
[TimeControl "40/5400+30:1800+30"]

1. e4 c6 2. Nc3 d5 3. Nf3 Nf6 4. e5 Ne4 5. Ne2 Qb6 6. d4 e6 7. Nfg1 f6 8. f3
Ng5 9. exf6 gxf6 10. f4 Nf7 11. Nf3 Be7 12. c4 dxc4 13. Nc3 Nd6 14. b3 cxb3 15.
axb3 O-O 16. Bd3 Rf7 17. O-O Nb5 18. Ne2 c5 19. f5 e5 20. Bxb5 Qxb5 21. dxe5
Bxf5 22. Bb2 Nc6 23. exf6 Bxf6 24. Bxf6 Rxf6 25. Nh4 Rd8 26. Qe1 Rdf8 27. Nxf5
Rxf5 28. Qg3+ Kh8 29. Qc3+ Kg8 30. Qg3+ Kh8 31. Qc3+ Kg8 1/2-1/2